 Dungeon Crawl Stone Soup version 0.28.0 (webtiles) character file.

Game seed: 16270675147892577136

39 SnakkuSnakku7 the Covered (level 3, 32/33 HPs)
             Began as a Minotaur Fighter on Feb 14, 2022.
             Quit the game on level 2 of the Dungeon.
             The game lasted 00:01:14 (1086 turns).

SnakkuSnakku7 the Covered (Minotaur Fighter)        Turns: 1086, Time: 00:01:14

Health: 32/33      AC:  7    Str: 22    XL:     3   Next: 28%
Magic:  2/2        EV:  9    Int:  5    God:
Gold:   54         SH:  4    Dex:  9    Spells: 2/2 levels left

rFire   . . .      SeeInvis .   a - +0 war axe
rCold   . . .      Faith    .   c - +0 buckler
rNeg    . . .      Spirit   .   b - +0 scale mail
rPois   .          Reflect  .   (helmet restricted)
rElec   .          Harm     .   (no cloak)
rCorr   .          Rampage  .   (no gloves)
Will    .....                   (no boots)
Stlth   ..........              (no amulet)
HPRegen 0.11/turn               (no ring)
MPRegen 0.08/turn               (no ring)

@: no status effects
A: horns 2, retaliatory headbutt
a: no special abilities


You were on level 2 of the Dungeon.
You visited 1 branch of the dungeon, and saw 2 of its levels.

You collected 54 gold pieces.

Inventory:

Hand Weapons
 a - a +0 war axe (weapon)
Armour
 b - a +0 scale mail (worn)
 c - a +0 buckler (worn)
Scrolls
 e - a scroll of torment {unknown}
 g - a scroll of fog {unknown}
 h - a scroll of teleportation {unknown}
 j - a scroll of noise {unknown}
 k - a scroll of silence {unknown}
Potions
 d - a potion of might
 f - a potion of heal wounds {unknown}
 i - a potion of flight {unknown}


   Skills:
 + Level 4.2 Fighting
 + Level 3.3 Axes
 + Level 4.2 Armour
 - Level 3.6 Shields


You had 2 spell levels left.
You didn't know any spells.
Your spell library was empty.

Dungeon Overview and Level Annotations

Branches:
Dungeon (2/15)

Altars:
Elyvilon
Gozag


Innate Abilities, Weirdness & Mutations

You have a pair of horns on your head.
You reflexively headbutt those who attack you in melee.


Message History

Found a war axe.
An adder comes into view.
The adder hisses angrily.
You closely miss the adder. The adder bites you but does no damage.
You block the adder's attack.
You barely miss the adder. Your headbutt misses the adder.
The adder bites you but does no damage. The adder barely misses you.
You furiously retaliate!
You headbutt the adder. You closely miss the adder.
Your headbutt misses the adder.
The adder is heavily wounded.
The adder bites you but does no damage. x2
You barely miss the adder.
The adder is heavily wounded.
The adder bites you.
You hit the adder.
The adder is almost dead.
The adder closely misses you. The adder bites you.
You barely miss the adder. Your headbutt misses the adder.
The adder is almost dead.
The adder bites you but does no damage. You block the adder's attack.
You hit the adder.
You kill the adder!
A goblin comes into view. It is wielding a +0 club.
The goblin shouts!
You closely miss the goblin. The goblin completely misses you.
You closely miss the goblin. The goblin hits you but does no damage.
You barely miss the goblin. The goblin barely misses you.
The goblin hits you but does no damage.
You hit the goblin but do no damage. The goblin hits you but does no damage.
You miss the goblin. The goblin hits you but does no damage.
You hit the goblin.
You kill the goblin!
No target in view!
No target in view!
Found 15 gold pieces.
You see here a +0 club.
There is a stone staircase leading up here.
Search for what [? for help]?
Okay, then.
Are you sure you want to abandon this character and quit the game? (Confirm with "yes".)

....#...####.....|.#
....#.#.#..........##########
...........................>#
....................#########
............†.......#
....................#
.####...............#
.####.###...####..#.# .#....#
#.######@.#.# ##.##.#
#.....###.#.#
#.######.....###.#.#
#............+...#.#
#########.....###.#.# #
#<####.....# #.#.# #
#.##.....).# #.#.# #
#.##.......# #.#.# #
#.##.......# #.#.#


There were no monsters in sight!

Vanquished Creatures
  2 adders (D:2)
  A dart slug (D:2)
  An endoplasm (D:1)
  4 jackals (D:2)
  A quokka (D:1)
  2 ball pythons (D:2)
  A bat (D:1)
  A frilled lizard (D:1)
  4 goblins
  3 kobolds
  A rat (D:1)
21 creatures vanquished.

Notes
Turn   | Place    | Note
-------+----------+-------------------------------------------
     0 | D:1      | SnakkuSnakku7 the Minotaur Fighter began the quest for the
                  | Orb.
     0 | D:1      | Reached XP level 1. HP: 19/19 MP: 0/0
   461 | D:1      | Found a faded altar of an unknown god.
   472 | D:1      | Prayed at the altar of an unknown god.
   472 | D:1      | Became a worshipper of Gozag Ym Sagoz the Greedy
   473 | D:1      | Fell from the grace of Gozag
   640 | D:1      | Reached XP level 2. HP: 27/27 MP: 1/1
   901 | D:2      | Found a white marble altar of Elyvilon.
   955 | D:2      | Was forgiven by Gozag
   955 | D:2      | Reached XP level 3. HP: 27/33 MP: 2/2
  1086 | D:2      | Quit the game

Illustrated notes

Levels and vault maps discovered:
D:1:      heliophobic_arrival_dark_side_of_the_moon, layout_basic,
          hellmonk_ecumenical_altar_run_dry
D:2:      layout_basic, basic_altar, serial_shops,
          nicolae_shop_advertising_works [nicolae_subvault_shop_adworks]

Skill      XL: |  1  2 |
---------------+-------+-----
Armour         | 4 |  4.2
Fighting       | 4 |  4.2
Axes           | 3 |  3.3
Shields        | |  3.6

Action                   || total
-------------------------++-------
Melee: War axe           ||    54
       Headbutt          ||     4
Invok: Renounce Religion ||     1
Armor: Scale mail        ||    36
Dodge: Dodged            ||    29
Block: Buckler           ||    12
